[gd_scene load_steps=10 format=1]

[ext_resource path="res://PNJ.gd" type="Script" id=1]
[ext_resource path="res://pnj4.png" type="Texture" id=2]
[ext_resource path="res://Goutte.tscn" type="PackedScene" id=3]

[sub_resource type="RectangleShape2D" id=1]

custom_solver_bias = 0.0
extents = Vector2( 10.82, 12.2882 )

[sub_resource type="Animation" id=2]

resource/name = "debout_bas"
length = 1.0
loop = false
step = 0.1
tracks/0/type = "value"
tracks/0/path = NodePath("Sprite_Homme:frame")
tracks/0/interp = 1
tracks/0/imported = false
tracks/0/keys = {
"times": FloatArray( 0 ),
"transitions": FloatArray( 1 ),
"update": 1,
"values": [ 0 ]
}

[sub_resource type="Animation" id=3]

resource/name = "debout_droite"
length = 1.0
loop = false
step = 0.1
tracks/0/type = "value"
tracks/0/path = NodePath("Sprite_Homme:frame")
tracks/0/interp = 1
tracks/0/imported = false
tracks/0/keys = {
"times": FloatArray( 0 ),
"transitions": FloatArray( 1 ),
"update": 1,
"values": [ 6 ]
}

[sub_resource type="Animation" id=4]

resource/name = "debout_gauche"
length = 1.0
loop = false
step = 0.1
tracks/0/type = "value"
tracks/0/path = NodePath("Sprite_Homme:frame")
tracks/0/interp = 1
tracks/0/imported = false
tracks/0/keys = {
"times": FloatArray( 0 ),
"transitions": FloatArray( 1 ),
"update": 1,
"values": [ 9 ]
}

[sub_resource type="Animation" id=5]

resource/name = "debout_haut"
length = 1.0
loop = true
step = 0.1
tracks/0/type = "value"
tracks/0/path = NodePath("Sprite_Homme:frame")
tracks/0/interp = 1
tracks/0/imported = false
tracks/0/keys = {
"times": FloatArray( 0 ),
"transitions": FloatArray( 1 ),
"update": 1,
"values": [ 3 ]
}

[sub_resource type="Animation" id=6]

resource/name = "tourner"
length = 4.0
loop = true
step = 0.1
tracks/0/type = "value"
tracks/0/path = NodePath("Sprite_Homme:frame")
tracks/0/interp = 1
tracks/0/imported = false
tracks/0/keys = {
"times": FloatArray( 0, 1, 2, 3 ),
"transitions": FloatArray( 1, 1, 1, 1 ),
"update": 1,
"values": [ 0, 6, 3, 9 ]
}

[node name="PNJ" type="KinematicBody2D"]

input/pickable = false
shapes/0/shape = SubResource( 1 )
shapes/0/transform = Matrix32( 1, 0, 0, 1, 0, 1.84464 )
shapes/0/trigger = false
collision/layers = 1
collision/mask = 1
collision/margin = 0.08
script/script = ExtResource( 1 )

[node name="Sprite_Homme" type="Sprite" parent="."]

texture = ExtResource( 2 )
vframes = 4
hframes = 3
frame = 10

[node name="Sprite_Femme" type="Sprite" parent="."]

[node name="AnimationPlayer" type="AnimationPlayer" parent="."]

playback/process_mode = 1
playback/default_blend_time = 0.0
root/root = NodePath("..")
anims/debout_bas = SubResource( 2 )
anims/debout_droite = SubResource( 3 )
anims/debout_gauche = SubResource( 4 )
anims/debout_haut = SubResource( 5 )
anims/tourner = SubResource( 6 )
playback/active = true
playback/speed = 1.0
blend_times = [  ]
autoplay = ""

[node name="CollisionShape2D" type="CollisionShape2D" parent="."]

transform/pos = Vector2( 0, 1.84464 )
shape = SubResource( 1 )
trigger = false
_update_shape_index = 0

[node name="Goutte" parent="." instance=ExtResource( 3 )]

visibility/visible = false


